 Dungeon Crawl Stone Soup version 0.31-a0-960-g0fca184906 (webtiles) character file.

Game seed: 18435102986885253747

24 Azuregosa the Sneak (level 3, -13/26 HPs)
             Began as an Octopode Delver on Oct 23, 2023.
             Mangled by an orc warrior
             ... wielding a +0 halberd
              (19 damage)
             ... on level 6 of the Dungeon.
             The game lasted 00:00:56 (55 turns).

Azuregosa the Sneak (Octopode Delver)                 Turns: 55, Time: 00:00:57

Health: -13/26     AC:  1    Str: 11    XL:     3   Next: 2%
Magic:  3/3        EV: 13    Int: 12    God:
Gold:   0          SH:  0    Dex: 15    Spells: 2/2 levels left

rFire   . . .        a - +0 hand axe
rCold   . . .        (no shield)
rNeg    . . .        (helmet restricted)
rPois   .            (no amulet)
rElec   .            (no ring)
rCorr   .            (no ring)
SInv    .            (no ring)
Will    .....        (no ring)
Stlth   +++++        (no ring)
HPRegen 0.24/turn    (no ring)
MPRegen 0.08/turn    (no ring)
                     (no ring)

%: no passive effects
@: no status effects
A: almost no armour, amphibious, 8 rings, camouflage 1, gelatinous body 1,
(nimble swimmer 1), tentacles
a: no special abilities


You were on level 6 of the Dungeon.
You visited 1 branch of the dungeon, and saw 2 of its levels.

Inventory:

Hand Weapons
 a - a +0 hand axe (weapon)
Wands
 c - a wand of flame (26)
 f - a wand of digging (3)
Potions
 e - a potion of haste


   Skills:
 - Level 3.0 Fighting
 - Level 2.0 Axes
 - Level 2.0 Dodging
 + Level 7.8 Stealth


You had 2 spell levels left.
You didn't know any spells.
Your spell library was empty.

Dungeon Overview and Level Annotations

Branches:
Dungeon (6/15)
 Temple: D:4-7

Altars:


Innate Abilities, Weirdness & Mutations

You cannot wear most types of armour.
You are amphibious.
You can wear up to eight rings at the same time.
Your skin changes colour to match your surroundings (Stealth+).
Your rubbery body absorbs attacks. (AC +1, EV +1)
((You are camouflaged when in or above water. (Stealth+)))
You have tentacles for arms and can constrict up to eight enemies at once.


Message History

The ogre moves out of view.
There is a stone staircase leading up here.
As you read the scroll of fear, it crumbles to dust.
You assume a fearsome visage.
The orc warrior looks frightened!
An orc comes into view. It is wielding a +0 dagger.
The orc warrior cries, "Help!"
The ogre shouts!
You hear a shout!
As you read the scroll of fog, it dissolves into smoke.
Found 12 gold pieces.
Found a club and a diamond ring.
The orc wizard shouts!
The orc wizard hits you with a +0 dagger.
You barely miss the orc wizard.
The orc shouts!
Your grab misses the orc wizard. Your squeeze misses the orc wizard.
The orc wizard hits you with a +0 dagger.
You closely miss the orc wizard. Your grab misses the orc wizard.
You squeeze the orc wizard!
The orc wizard is severely wounded.
You hit the ogre. The ogre misses you.
The orc wizard hits you with a +0 dagger.
You hit the orc wizard but do no damage.
You grab the orc wizard. You squeeze the orc wizard.
You kill the orc wizard!
You hit the ogre.
The orc warrior hits you from afar with a +0 halberd.
The ogre closely misses you.
Your Stealth skill increases to level 7!
You have reached level 2!
You have reached level 3!
Your experience leads to an increase in your attributes!
Increase (S)trength, (I)ntelligence, or (D)exterity?
You feel agile. x2
You hit the ogre.
The ogre is moderately wounded.
You hit the orc. The orc hits you with a +0 dagger.
* * * LOW HITPOINT WARNING * * *
The orc warrior hits you from afar with a +0 halberd!!
Ouch! That really hurt!
You die...

#§§§# #O# ##§§#
##.## §#§#
#####...## .##.#
#.....#..# .# #.#
#.###...<# #. #.#
.####.#.# # ##.##
....##!#.#
#...###o.....o....
#..$O@o....#######[
#...###.)..# .#
##### ..=# # ..# .#
#


You could see an orc warrior, an ogre and an orc.

Vanquished Creatures
  An orc wizard (D:6)
1 creature vanquished.

Notes
Turn   | Place    | Note
-------+----------+-------------------------------------------
     0 | D:5      | Azuregosa the Octopode Delver began the quest for the Orb.
     0 | D:5      | Reached XP level 1. HP: 16/16 MP: 1/1
     3 | D:5      | Noticed an orc priest
    16 | D:6      | Noticed an ogre
    16 | D:6      | Noticed an orc warrior
    16 | D:6      | Noticed an orc wizard
    54 | D:6      | Killed an orc wizard
    55 | D:6      | Reached skill level 7 in Stealth
    55 | D:6      | Reached XP level 2. HP: 6/21 MP: 2/2
    55 | D:6      | Reached XP level 3. HP: 8/26 MP: 3/3
    55 | D:6      | Mangled by an orc warrior

Illustrated notes

Levels and vault maps discovered:
D:5:      layout_basic, mainiacjoe_overflow_two_lobes
D:6:      layout_loops_ring, minmay_temple_entry_drinking_statues, st_stairs_4,
          uniq_eustachio

Skill      XL: |  1 |
---------------+----+-----
Stealth        | 7 |  7.8
Fighting       | |  3.0
Axes           | |  2.0
Dodging        | |  2.0

Action                     || total
---------------------------++-------
  Melee: Hand axe          ||     4
         Tentacles         ||     2
         Constrict         ||     1
    Use: Scroll            ||     3
 Armour: Skin              ||     6
  Dodge: Dodged            ||     2

Table legend: (Time is in decaauts)
 A = Elapsed time spent in this place.
 B = Non-inter-level travel time spent in this place.
 C = Inter-level travel time spent in this place.
 D = Time resting spent in this place.
 E = Time spent auto-exploring this place.
 F = Levels seen in this place.
 G = Mean time per level.
                   A        B        C        D        E       F      G
               +--------+--------+--------+--------+--------+-----+--------+
         Total |     55 |     55 |      0 |      0 |      0 |   2 |   27.5 |
       Dungeon |     55 |     55 |      0 |      0 |      0 |   2 |   27.5 |
               +--------+--------+--------+--------+--------+-----+--------+

Top non-repeatable levels by time:
     D:6: 40 daAuts
     D:5: 15 daAuts
